Map: Ultralove

Players

BootlegGesus

  • Race: Protoss Protoss
  • League: Master
  • Spawn Location: 7:00

LigerMaNN - Winner!

  • Race: Zerg Zerg
  • League: Diamond
  • Spawn Location: 1:00

VOD

Have the link to the VOD?

Description

Time

  • Played on: June 4, 2025, 9:20 p.m.
  • Length: 5:28
Show
View Real Time Build Order
Export as new Build Order

BootlegGesus Protoss 

Build Orders: 1 Gate Expand 

Get SALT Encoding   

  12  0:00  Probe  
  13  0:12  Probe  
  14  0:16  Pylon  
  14  0:24  Probe  
  15  0:38  Gateway, Probe  
  16  0:44  Assimilator  
  16  0:48  Probe  
  16  0:57  Probe  
  18  1:05  Probe  
  19  1:23  Probe  
  20  1:29  Nexus  
  20  1:45  Cybernetics Core  
  20  1:51  Pylon  
  20  1:56  Probe  
  20  1:58  Assimilator  
  21  2:08  Probe  
  22  2:20  Gateway  
  22  2:21  Warp Gate, Probe  
  23  2:28  Adept  
  25  2:37  Twilight Council  
  25  2:43  Probe x2  
  27  2:56  Adept  
  27  3:19  Pylon  
  27  3:26  Gateway  
  27  3:35  Probe x2, Adept  
  29  3:54  Probe x2  
  33  4:05  Gateway  
  33  4:08  Pylon  
  31  4:25  Adept  
Show
View Real Time Build Order
Export as new Build Order

LigerMaNN Zerg - Winner!

Build Orders: Hatch First 

Get SALT Encoding   

  12  0:01  Drone  
  13  0:12  Overlord  
  13  0:16  Drone  
  14  0:33  Drone  
  14  0:34  Drone  
  16  0:48  Hatchery  
  15  0:51  Drone  
  15  0:54  Drone  
  17  0:58  Drone  
  18  1:11  Extractor  
  17  1:14  Spawning Pool  
  17  1:18  Drone  
  17  1:21  Drone  
  18  1:28  Drone  
  19  1:43  Overlord  
  21  2:01  Zergling x6  
  21  2:02  Queen  
  21  2:07  Queen  
  26  2:15  Metabolic Boost  
  26  2:19  Drone  
  26  2:21  Drone  
  28  2:29  Drone x2  
  30  2:47  Hatchery  
  30  2:50  Overlord  
  29  2:51  Zergling x2  
  29  2:54  Zergling x2  
  29  2:56  Zergling x2  
  32  3:12  Drone  
  32  3:13  Drone x6  
  38  3:22  Queen  
  38  3:38  Zergling x12  
  42  3:49  Zergling x4  
  48  4:02  Zergling x10  
  48  4:05  Lair  
  48  4:07  Drone x2  
  47  4:30  Drone x3  
  47  4:31  Drone  
  50  4:32  Overlord x6  
  50  4:43  Overlord x2  
  50  4:50  Queen  
  52  5:00  Drone x7  
  59  5:20  Evolution Chamber  
  58  5:22  Roach Warren  
Tags
 
Add a new tag
Caveats
  • Supply blocks, unpowered buildings, or Contaminate may cause inaccurate times.
  • Supply counts are checked every 10 seconds.